MWL (24 & UNDER)
LEE'S SUMMIT TIGERS @ MANHATTEN MEATHEADS
04/11/2026
 
TOP OF THE 1ST
Lee's Summit Tigers batting - Pitching for Manhatten Meatheads : RHP Dean Kell
Pitching: RHP Dean Kell
Batting: RHB José López 0-0: Ground out 5-3 (Groundball, 5S)
Batting: RHB Rusty Bennett 0-0: Ball
1-0: Foul Ball, location: 2F
1-1: Ball
2-1: Ball
3-1: Swinging Strike
3-2: Foul Ball, location: 2F
3-2: Foul Ball, location: 2F
3-2: Base on Balls
Batting: LHB Edward Rose 0-0: Ball
1-0: Ball
2-0: Called Strike
2-1: Ball
3-1: SINGLE (Groundball, 4M)
Rusty Bennett to second
Batting: RHB Flint Todd 0-0: Foul Ball, location: 2F
0-1: Swinging Strike
0-2: Foul Ball, location: 2F
0-2: Foul Ball, location: 2F
0-2: Ball
1-2: Ball
Balk!
Rusty Bennett to third
Edward Rose to second
2-2: Strikes out looking
Batting: SHB Wayne Matthews 0-0: Ball
1-0: Called Strike
1-1: Ball
2-1: Called Strike
2-2: Ball
3-2: Strikes out looking
Top of the 1st over - 0 run(s), 1 hit(s), 0 error(s), 2 left on base; Lee's Summit 0 - Manhatten 0
BOTTOM OF THE 1ST
Manhatten Meatheads batting - Pitching for Lee's Summit Tigers : RHP Dae-ho Kim
Pitching: RHP Dae-ho Kim
Batting: SHB José Sousa 0-0: Ground out 4-3 (Groundball, 4)
Batting: RHB Adrián López 0-0: Ball
1-0: Fly out, F6 (Popup, 6)
Batting: RHB Augusto Baca 0-0: Fly out, F8 (Line Drive, 8LM)
Bottom of the 1st over - 0 run(s), 0 hit(s), 0 error(s), 0 left on base; Lee's Summit 0 - Manhatten 0
TOP OF THE 2ND
Lee's Summit Tigers batting - Pitching for Manhatten Meatheads : RHP Dean Kell
Batting: RHB Michael Hall 0-0: Foul Ball, location: 2F
0-1: DOUBLE (Flyball, 8RD)
Batting: LHB Daniel Rincón 0-0: SINGLE (Line Drive, 4MD)
Michael Hall to third
Runner from 3rd tries for Home, SAFE, no throw or cutoff
Batting: RHB Jorge Barbosa 0-0: Ball
1-0: Foul Ball, location: 2F
1-1: Foul Ball, location: 2F
1-2: Foul Ball, location: 2F
1-2: Ball
2-2: Foul Ball, location: 2F
2-2: Ball
3-2: Foul Ball, location: 2F
3-2: Foul Ball, location: 2F
3-2: Foul Ball, location: 2F
3-2: Strikes out swinging
Batting: LHB Darren Holland 0-0: Called Strike
0-1: Called Strike
0-2: Strikes out swinging
Batting: RHB José López 0-0: Foul Ball, location: 2F
0-1: Ball
1-1: Ball
2-1: Ground out 5-3 (Groundball, 5S)
Top of the 2nd over - 1 run(s), 2 hit(s), 0 error(s), 1 left on base; Lee's Summit 1 - Manhatten 0
BOTTOM OF THE 2ND
Manhatten Meatheads batting - Pitching for Lee's Summit Tigers : RHP Dae-ho Kim
Batting: RHB Denver Baker 0-0: Foul Ball, location: 2F
0-1: Ball
1-1: Foul Ball, location: 2F
1-2: Foul Ball, location: 2F
1-2: Ball
2-2: Strikes out swinging
Batting: LHB Robbie Turner 0-0: Swinging Strike
0-1: Foul Ball, location: 2F
0-2: SINGLE (Line Drive, 8LS)
Batting: RHB Tim Bonner 0-0: Called Strike
0-1: Called Strike
0-2: Strikes out swinging
Batting: SHB León Glaviz 0-0: SINGLE (Line Drive, 56D)
Robbie Turner to second
Batting: SHB Cornell Payne 0-0: Ground out 5-3 (Groundball, 56S)
Bottom of the 2nd over - 0 run(s), 2 hit(s), 0 error(s), 2 left on base; Lee's Summit 1 - Manhatten 0
TOP OF THE 3RD
Lee's Summit Tigers batting - Pitching for Manhatten Meatheads : RHP Dean Kell
Batting: RHB Rusty Bennett 0-0: Ball
1-0: Ball
2-0: Foul Ball, location: 2F
2-1: Ball
3-1: Base on Balls
Batting: LHB Edward Rose 0-0: Ball
1-0: SINGLE (Line Drive, 6D)
Rusty Bennett to second
Batting: RHB Flint Todd 0-0: Ball
1-0: Ball
2-0: Ball
3-0: Foul Ball, location: 2F
3-1: SINGLE (Flyball, 8LS)
Rusty Bennett to third
Edward Rose to second
Runner from 3rd tries for Home, SAFE, throw made at trailing runner, SAFE at third!
Batting: SHB Wayne Matthews 0-0: Fly out, F8 (Flyball, 8RM)
Runner from 3rd tags up, SCORES, throw made
Batting: RHB Michael Hall 0-0: Ball
1-0: Called Strike
Flint Todd steals 2nd base
1-1: Called Strike
1-2: Ball
2-2: Foul Ball, location: 2F
2-2: Strikes out swinging
Batting: LHB Daniel Rincón 0-0: Ball
1-0: Foul Ball, location: 2F
1-1: Ground out 3-1 (Groundball, 34)
Top of the 3rd over - 2 run(s), 2 hit(s), 0 error(s), 1 left on base; Lee's Summit 3 - Manhatten 0
BOTTOM OF THE 3RD
Manhatten Meatheads batting - Pitching for Lee's Summit Tigers : RHP Dae-ho Kim
Batting: RHB Santiago Díaz 0-0: Called Strike
0-1: Ball
1-1: Swinging Strike
1-2: Strikes out swinging
Batting: SHB José Sousa 0-0: Swinging Strike
0-1: Called Strike
0-2: Ball
1-2: Ball
2-2: Strikes out swinging
Batting: RHB Adrián López 0-0: Called Strike
0-1: Ball
1-1: Called Strike
1-2: Ball
2-2: Ground out 6-3 (Groundball, 6M)
Bottom of the 3rd over - 0 run(s), 0 hit(s), 0 error(s), 0 left on base; Lee's Summit 3 - Manhatten 0
TOP OF THE 4TH
Lee's Summit Tigers batting - Pitching for Manhatten Meatheads : RHP Dean Kell
Batting: RHB Jorge Barbosa 0-0: Called Strike
0-1: Ball
1-1: Ball
2-1: Ball
3-1: Foul Ball, location: 2F
3-2: Foul Ball, location: 2F
3-2: Ground out 6-3 (Groundball, 6)
Batting: LHB Darren Holland 0-0: Ball
1-0: Ball
2-0: Swinging Strike
2-1: Ball
3-1: Called Strike
3-2: Base on Balls
Batting: RHB José López 0-0: Called Strike
0-1: Called Strike
0-2: Ball
Darren Holland steals 2nd base
1-2: Ball
2-2: Strikes out looking
Pitching: LHP Donald Joseph
Batting: RHB Rusty Bennett 0-0: Foul Ball, location: 2F
0-1: SINGLE (Line Drive, 34)
Darren Holland to third
Runner from 3rd tries for Home, SAFE, no throw or cutoff
Batting: LHB Edward Rose 0-0: Ball
1-0: Foul Ball, location: 2F
1-1: Foul Ball, location: 2F
1-2: Fly out, F7 (Flyball, 7S)
Top of the 4th over - 1 run(s), 1 hit(s), 0 error(s), 1 left on base; Lee's Summit 4 - Manhatten 0
BOTTOM OF THE 4TH
Manhatten Meatheads batting - Pitching for Lee's Summit Tigers : RHP Dae-ho Kim
Batting: RHB Augusto Baca 0-0: Ball
1-0: Swinging Strike
1-1: Swinging Strike
1-2: Foul Ball, location: 2F
1-2: Ball
2-2: Strikes out swinging
Batting: RHB Denver Baker 0-0: Ground out 6-3 (Groundball, 6M)
Batting: LHB Robbie Turner 0-0: Fly out, F7 (Flyball, 78M)
Bottom of the 4th over - 0 run(s), 0 hit(s), 0 error(s), 0 left on base; Lee's Summit 4 - Manhatten 0
TOP OF THE 5TH
Lee's Summit Tigers batting - Pitching for Manhatten Meatheads : LHP Donald Joseph
Batting: RHB Flint Todd 0-0: Ball
1-0: Ball
2-0: Called Strike
2-1: Ball
3-1: Base on Balls
Batting: SHB Wayne Matthews 0-0: Ball
1-0: Called Strike
1-1: Grounds into double play, 6-4-3 (Groundball, 6M)
Batting: RHB Michael Hall 0-0: Called Strike
0-1: Called Strike
0-2: Fly out, F4 (Popup, 34D)
Top of the 5th over - 0 run(s), 0 hit(s), 0 error(s), 0 left on base; Lee's Summit 4 - Manhatten 0
BOTTOM OF THE 5TH
Manhatten Meatheads batting - Pitching for Lee's Summit Tigers : RHP Dae-ho Kim
Batting: RHB Tim Bonner 0-0: Swinging Strike
0-1: Ball
1-1: Ball
2-1: Ball
3-1: Hit by Pitch
Batting: SHB León Glaviz 0-0: Called Strike
0-1: Ball
1-1: Grounds into double play, 6-4-3 (Groundball, 6)
Batting: SHB Cornell Payne 0-0: Called Strike
0-1: Foul Ball, location: 2F
0-2: Strikes out looking
Bottom of the 5th over - 0 run(s), 0 hit(s), 0 error(s), 0 left on base; Lee's Summit 4 - Manhatten 0
TOP OF THE 6TH
Lee's Summit Tigers batting - Pitching for Manhatten Meatheads : LHP Donald Joseph
Batting: LHB Daniel Rincón 0-0: Swinging Strike
0-1: Swinging Strike
0-2: Ball
1-2: Strikes out swinging
Batting: RHB Jorge Barbosa 0-0: Called Strike
0-1: Called Strike
0-2: Ball
1-2: Ball
2-2: Ground out 6-3 (Groundball, 6)
Batting: LHB Darren Holland 0-0: Called Strike
0-1: Foul Ball, location: 2F
0-2: Ball
1-2: Strikes out swinging, 2-3 out at first.
Top of the 6th over - 0 run(s), 0 hit(s), 0 error(s), 0 left on base; Lee's Summit 4 - Manhatten 0
BOTTOM OF THE 6TH
Manhatten Meatheads batting - Pitching for Lee's Summit Tigers : RHP Dae-ho Kim
Batting: RHB Santiago Díaz 0-0: Ball
1-0: Called Strike
1-1: Ball
2-1: Swinging Strike
2-2: Ball
3-2: Strikes out looking
Batting: SHB José Sousa 0-0: Called Strike
0-1: Called Strike
0-2: Foul Ball, location: 2F
0-2: Foul Ball, location: 2F
0-2: Strikes out swinging
Batting: RHB Adrián López 0-0: SINGLE (Groundball, 6MD)
Batting: RHB Augusto Baca 0-0: Ball
Passed Ball!
Adrián López to second
1-0: Swinging Strike
1-1: Called Strike
1-2: Foul Ball, location: 2F
1-2: Strikes out swinging
Bottom of the 6th over - 0 run(s), 1 hit(s), 0 error(s), 1 left on base; Lee's Summit 4 - Manhatten 0
TOP OF THE 7TH
Lee's Summit Tigers batting - Pitching for Manhatten Meatheads : LHP Donald Joseph
Pitching: RHP Juan García
Batting: RHB José López 0-0: Ball
1-0: Ball
2-0: Fly out, F9 (Flyball, 9S)
Batting: RHB Rusty Bennett 0-0: Swinging Strike
0-1: Ball
1-1: Ball
2-1: Ground out 5-3 (Groundball, 5L)
Batting: LHB Edward Rose 0-0: Ball
1-0: SINGLE (Groundball, 34D)
Batting: RHB Flint Todd 0-0: Ball
1-0: Called Strike
1-1: Foul Ball, location: 2F
1-2: Ball
2-2: Strikes out swinging
Top of the 7th over - 0 run(s), 1 hit(s), 0 error(s), 1 left on base; Lee's Summit 4 - Manhatten 0
BOTTOM OF THE 7TH
Manhatten Meatheads batting - Pitching for Lee's Summit Tigers : RHP Dae-ho Kim
Batting: RHB Denver Baker 0-0: Called Strike
0-1: Foul Ball, location: 2F
0-2: Foul Ball, location: 2F
0-2: Strikes out swinging
Batting: LHB Robbie Turner 0-0: Ball
1-0: Foul Ball, location: 2F
1-1: Fly out, F7 (Flyball, 78M)
Batting: RHB Tim Bonner 0-0: Called Strike
0-1: Called Strike
0-2: Strikes out swinging
Bottom of the 7th over - 0 run(s), 0 hit(s), 0 error(s), 0 left on base; Lee's Summit 4 - Manhatten 0
TOP OF THE 8TH
Lee's Summit Tigers batting - Pitching for Manhatten Meatheads : RHP Juan García
Batting: SHB Wayne Matthews 0-0: Called Strike
0-1: Ball
1-1: Ground out 4-3 (Groundball, 4)
Batting: RHB Michael Hall 0-0: Ball
1-0: Ball
2-0: Ball
3-0: Base on Balls
Batting: LHB Daniel Rincón 0-0: Ball
1-0: Ball
2-0: Foul Ball, location: 2F
2-1: Called Strike
2-2: Ball
3-2: Base on Balls
Michael Hall to second
Batting: RHB Jorge Barbosa 0-0: Foul Ball, location: 2F
0-1: Called Strike
0-2: Grounds into double play, 5-4-3 (Groundball, 5)
Top of the 8th over - 0 run(s), 0 hit(s), 0 error(s), 1 left on base; Lee's Summit 4 - Manhatten 0
BOTTOM OF THE 8TH
Manhatten Meatheads batting - Pitching for Lee's Summit Tigers : RHP Dae-ho Kim
Batting: SHB León Glaviz 0-0: Swinging Strike
0-1: Ball
1-1: Ball
2-1: Foul Ball, location: 2F
2-2: Ball
3-2: Foul Ball, location: 2F
3-2: Base on Balls
Pitching: RHP Alfredo López
Batting: SHB Cornell Payne 0-0: Called Strike
0-1: Grounds out, U3 (Groundball, 3L)
Batting: RHB Santiago Díaz 0-0: Foul Ball, location: 2F
0-1: Ball
1-1: Ball
2-1: Ground out 5-3 (Groundball, 56)
Batting: SHB José Sousa 0-0: Ground out 4-3 (Groundball, 4)
Bottom of the 8th over - 0 run(s), 0 hit(s), 0 error(s), 1 left on base; Lee's Summit 4 - Manhatten 0
TOP OF THE 9TH
Lee's Summit Tigers batting - Pitching for Manhatten Meatheads : RHP Juan García
Batting: LHB Darren Holland 0-0: Ball
1-0: Called Strike
1-1: Ball
2-1: Fly out, F8 (Flyball, 8LXD)
Batting: RHB José López 0-0: Ball
1-0: Ball
2-0: Foul Ball, location: 2F
2-1: Ball
3-1: Base on Balls
Batting: RHB Rusty Bennett 0-0: Ball
1-0: Ball
2-0: Called Strike
2-1: Foul Ball, location: 2F
2-2: SINGLE (Line Drive, 6D)
José López to second
Batting: LHB Edward Rose 0-0: Called Strike
0-1: Ball
1-1: Ball
José López is caught stealing 3rd base
Rusty Bennett to second
2-1: Ball
3-1: Base on Balls
Batting: RHB Flint Todd 0-0: Ball
1-0: Foul Ball, location: 2F
1-1: Swinging Strike
1-2: Ground out U3 (Groundball, 3)
Top of the 9th over - 0 run(s), 1 hit(s), 0 error(s), 2 left on base; Lee's Summit 4 - Manhatten 0
BOTTOM OF THE 9TH
Manhatten Meatheads batting - Pitching for Lee's Summit Tigers : RHP Alfredo López
Batting: RHB Adrián López 0-0: Foul Ball, location: 2F
0-1: Called Strike
0-2: Ground out 6-3 (Groundball, 6)
Batting: RHB Augusto Baca 0-0: Ball
1-0: Ball
2-0: Foul Ball, location: 2F
2-1: Ball
3-1: Base on Balls
Batting: RHB Denver Baker 0-0: Called Strike
0-1: Grounds into double play, 6-4-3 (Groundball, 6)
Bottom of the 9th over - 0 run(s), 0 hit(s), 0 error(s), 0 left on base; Lee's Summit 4 - Manhatten 0
Monday, December 5th, 2016 - OOTP Baseball 17.12 Build 75